 Dungeon Crawl Stone Soup version 0.25.1-9-gc5326a611f (webtiles) character file.

Game seed: 16076786020951110866

163060 stebl the Stormcaller (level 17, 0/113 HPs)
             Began as a Tengu Air Elementalist on Dec 24, 2020.
             Was a High Priest of Vehumet.
             Killed from afar by Nikola (27 damage)
             ... with a chain lightning
             ... on level 3 of the Shoals on Dec 25, 2020.
             The game lasted 04:05:49 (52761 turns).

stebl the Stormcaller (Tengu Air Elementalist)     Turns: 52761, Time: 04:05:49

Health: 0/113      AC:  6    Str:  9    XL:     17   Next: 82%
Magic:  7/32       EV: 23    Int: 22    God:    Vehumet [*****.]
Gold:   2683       SH:  5    Dex: 15    Spells: 0/36 levels left

rFire    + . .     SeeInvis .   G - staff of energy {!a}
rCold    . . .     Gourm    .   (no shield)
rNeg     . . .     Faith    .   y - +1 robe {MR+}
rPois    .         Spirit   .   P - +0 hat
rElec    .         Reflect  +   J - +0 cloak
rCorr    .         Harm     .   X - +1 pair of gloves {archery}
MR       ++...                  (boots unavailable)
Stlth    +++.......             g - amulet of reflection
HPRegen  0.28/turn              Q - ring of stealth
MPRegen  0.23/turn              F - ring of protection from fire

@: flying quickly and evasively, quick
A: beak, talons 3, able to fly
a: Stop Flying, Renounce Religion


You were on level 3 of the Shoals.
You worshipped Vehumet.
Vehumet was extremely pleased with you.
You were not hungry.

You visited 5 branches of the dungeon, and saw 28 of its levels.
You also visited: Bailey.

You collected 3223 gold pieces.
You spent 540 gold pieces at shops.


Innate Abilities, Weirdness & Mutations

You have a beak for a mouth.
You have claws for feet.
You can fly continuously.


   Skills:
 - Level 15.0 Fighting
 - Level 10.0 Dodging
 - Level 2.0 Stealth
 - Level 10.0 Spellcasting
 + Level 17.9 Conjurations
 + Level 4.4 Summonings
 - Level 4.0 Fire Magic
 - Level 20.0 Air Magic


You couldn't memorise any spells.
You knew the following spells:

 Your Spells              Type           Power        Failure   Level  Hunger
c - Freezing Cloud        Conj/Ice/Air   ######....   1%          6    None
d - Magic Dart            Conj           ####         0%          1    None
f - Dazzling Flash        Conj/Hex       ######       1%          3    None
i - Swiftness             Chrm/Air       ######..     1%          2    None
k - Airstrike             Air            #######...   0%          4    None
l - Lightning Bolt        Conj/Air       #######...   1%          5    None
s - Spellforged Servitor  Conj/Summ      ######....   13%         7    None
t - Static Discharge      Conj/Air       #######.     0%          3    None
y - Sticky Flame          Conj/Fire      ######..     1%          4    None
z - Shock                 Conj/Air       ####         0%          1    None

Your spell library contained the following spells:

 Spells                   Type           Power        Failure   Level  Hunger
 Fireball                 Conj/Fire      ######....   1%          5    None
 Sandblast                Erth           ##....       1%          1    None
 Summon Small Mammal      Summ           ####         1%          1    None
 Poisonous Vapours        Pois/Air       ######       1%          2    None
 Conjure Flame            Conj/Fire      ######..     1%          3    None
 Mephitic Cloud           Conj/Pois/Air  ######..     1%          3    None
 Stone Arrow              Conj/Erth      ######       1%          3    None
 Silence                  Hex/Air        ######....   2%          5    None
 Animate Skeleton         Necr           N/A          6%          1    None
 Apportation              Tloc           ##....       6%          1    None
 Corona                   Hex            ##.....      6%          1    None
 Infusion                 Chrm           ##..         6%          1    None
 Ensorcelled Hibernation  Hex/Ice        ##....       9%          2    None
 Passwall                 Tmut/Erth      ##......     9%          2    None
 Shroud of Golubria       Chrm/Tloc      ##....       9%          2    None
 Song of Slaying          Chrm           ##......     9%          2    None
 Confusing Touch          Hex            ##......     19%         3    None
 Gell's Gravitas          Tloc           ##........   19%         3    None
 Ozocubu's Armour         Chrm/Ice       ##......     19%         3    None
 Spectral Weapon          Hex/Chrm       ##......     19%         3    None
 Tukima's Dance           Hex            ##......     19%         3    None
 Lee's Rapid Deconstruct  Erth           ##........   38%         5    None
 Yara's Violent Unravell  Hex/Tmut       ##........   38%         5    None
 Cause Fear               Hex            ##........   52%         4    None
 Petrify                  Tmut/Erth      ##......     52%         4    None
 Metabolic Englaciation   Hex/Ice        ##........   86%         5    None
 Ring of Flames           Chrm/Fire      ###.......   100%        7    None
 Discord                  Hex            ##........   100%        8    None

Inventory:

Armour
 y - a +1 robe of magic resistance (worn)
 J - a +0 cloak (worn)
 P - a +0 hat (worn)
 X - a +1 pair of gloves of archery (worn)
Magical Staves
 a - an uncursed staff of fire {!a}
 G - an uncursed staff of energy (weapon) {!a}
 W - an uncursed staff of wizardry {!a}
Jewellery
 c - an uncursed ring of protection from cold
 f - an uncursed ring of fire
 g - an amulet of reflection (around neck)
 v - an uncursed ring of see invisible
 C - an uncursed ring of ice
 F - a ring of protection from fire (right hand)
 N - the amulet "Pokishok" {Acrobat Str+4 Int+3}
   (You acquired it on level 6 of the Lair of Beasts)

   [amulet of the acrobat]

   It helps you evade while moving and waiting.
   It affects your strength (+4).
   It affects your intelligence (+3).
 Q - a ring of stealth (left hand)
 T - an uncursed amulet of faith {!P}
Wands
 i - a wand of acid (5)
 w - a wand of iceblast (51)
 x - a wand of paralysis (13)
 E - a wand of random effects (24)
 U - a wand of clouds (2)
 V - a wand of flame (59)
Scrolls
 d - a scroll of enchant weapon
 h - 8 scrolls of enchant armour
 k - 4 scrolls of fear
 l - 11 scrolls of remove curse {@r2}
 m - 3 scrolls of blinking
 o - a scroll of brand weapon {unknown}
 r - 8 scrolls of amnesia
 u - 3 scrolls of fog
 A - 8 scrolls of teleportation {@r4}
 K - 2 scrolls of immolation
 R - a scroll of torment {unknown}
 Y - a scroll of holy word
Potions
 b - a potion of magic
 e - 13 potions of curing {@q1}
 n - 9 potions of heal wounds {@q2}
 p - a potion of mutation {unknown}
 q - 3 potions of haste {@q3}
 s - 2 potions of lignification
 z - a potion of ambrosia
 B - 2 potions of brilliance
 D - 3 potions of might
 I - a potion of cancellation
 L - a potion of invisibility
 M - 2 potions of berserk rage {!q}
 O - 5 potions of stabbing
Miscellaneous
 S - a box of beasts
Comestibles
 j - 25 rations {@e1}

Dungeon Overview and Level Annotations

Branches:
Dungeon (15/15)            Temple (1/1) D:5            Lair (6/6) D:9
 Shoals (4/4) Lair:4       Spider (0/4) Lair:4        Slime (0/5) Lair:6
    Orc (2/2) D:12            Elf (0/3) Orc:2        Vaults (0/5) D:13
 Depths (0/5) D:15         Bailey (visited)

Altars:
Ashenzari
Cheibriados
Dithmenos
Fedhas
Gozag
Makhleb
Nemelex Xobeh
Okawaru
Ru
Sif Muna
Trog
Uskayaw
Vehumet
Wu Jian
Xom
Yredelemnul
The Shining One
Beogh

Shops:
D:7 [   Orc:1 %   Orc:2 *:([   Shoals:4 [

Annotations:
D:4 exclusion: sky beast
D:5 Eustachio
D:9 3 runed translucent doors, Tiocfaidh's ghost, novice MfMo
Shoals:2 Polyphemus
Shoals:3 Nikola
Orc:1 1 runed translucent door, tatocazan's ghost, journeyman MiFi

≈≈≈≈≈≈≈≈≈≈≈≈≈≈≈≈≈≈≈....≈≈≈≈
≈≈≈≈≈≈≈≈≈≈≈≈≈...≈≈≈..##.≈.
≈≈≈≈≈≈≈≈≈≈≈≈≈....≈≈..#..≈
≈≈≈≈≈≈≈≈≈≈.≈..##.≈≈≈.@≈≈≈≈
≈≈≈≈≈≈≈≈≈..≈≈##.≈≈≈...≈≈≈≈
≈≈≈≈≈≈≈≈≈≈≈(≈...8≈≈≈≈≈≈..≈.
≈≈≈≈≈≈≈≈≈≈≈≈≈...≈≈≈≈≈≈≈.≈≈.....▒▒
≈≈≈≈≈≈≈≈≈≈≈≈...≈≈≈≈≈≈≈≈≈≈≈.......
≈≈≈≈≈÷..........@≈.....≈≈≈≈≈≈....
≈≈≈≈≈......≈≈.........≈≈≈≈≈≈≈....
≈≈P≈≈P##≈≈≈≈......##..≈≈≈≈≈≈≈≈...
≈≈≈P≈.#.<≈≈≈..≈..#▒ .≈≈≈≈≈≈≈≈≈≈≈≈
≈≈PP≈≈..≈≈≈≈≈≈≈.#▒ ≈≈≈≈≈≈≈≈≈≈≈≈
≈≈≈P≈≈≈≈≈≈≈≈≈≈≈..# ≈≈≈≈≈≈≈≈≈≈≈
≈≈≈≈P≈≈≈≈≈≈≈≈≈≈.[# ≈≈≈≈≈≈≈≈≈
≈≈≈PP≈≈≈≈≈≈≈≈≈≈≈.. ≈≈≈≈≈≈≈.<
≈≈≈P≈≈≈≈≈≈≈≈≈≈≈≈≈≈ ≈≈≈≈≈≈≈..


You could see Nikola and a friendly spellforged servitor (summoned).


Message History

Aiming: Airstrike (safe; 0% risk of failure)
Press: ? - help, Dir - move target cursor, f/p - Nikola
Aim: Nikola, wielding a +2 rapier of electrocution, wearing a cursed +0 cloak and wearing a +2 pair of gloves (moderately wounded)
The air twists around and strikes Nikola!
Nikola is moderately wounded.
Casting: Airstrike (safe; 0% risk of failure)
Confirm with . or Enter, or press ? or * to list all spells.
Aiming: Airstrike (safe; 0% risk of failure)
Press: ? - help, Dir - move target cursor, f/p - Nikola
Aim: Nikola, wielding a +2 rapier of electrocution, wearing a cursed +0 cloak and wearing a +2 pair of gloves (moderately wounded)
The air twists around and strikes Nikola!
Nikola is heavily wounded.
Nikola raves, "Can you feel it? Can you feel it?
CAN YOU FEEL IT?"
Nikola mumbles some strange words.
You hear a mighty clap of thunder!
The lightning arc hits you!!
The lightning arc hits your spellforged servitor!
The lightning arc hits you!!
* * * LOW HITPOINT WARNING * * *
The lightning arc hits your spellforged servitor!
The lightning arc hits you!!
* * * LOW HITPOINT WARNING * * *
The lightning arc hits your spellforged servitor!
Your spellforged servitor casts a spell at Nikola.
The bolt of lightning hits Nikola!!
Your spellforged servitor hums quietly as it recharges.
Nikola gestures wildly while chanting.
You hear a mighty clap of thunder!
The lightning arc hits you!!
You die...

Skill      XL: |  1  2  3  4  5  6  7  8  9 10 11 12 13 14 15 16 17 |
---------------+----------------------------------------------------+-----
Conjurations   | 2 3 4 5 7 9 12 13 15 16 17 | 17.9
Air Magic      | 5 6 7 8 10 12 13 15 17 19 20 | 20.0
Spellcasting   | 3 4 5 6 7 8 9 10 | 10.0
Fighting       | 4 8 10 11 12 14 15 | 15.0
Dodging        | 5 8 10 | 10.0
Fire Magic     | 3 4 |  4.0
Summonings     | 4 |  4.4
Stealth        | |  2.0

Action                   |  1- 3 |  4- 6 |  7- 9 | 10-12 | 13-15 | 16-18 || total
-------------------------+-------+-------+-------+-------+-------+-------++-------
Melee: Unarmed           |     1 |       |       |       |       |       ||     1
       Short sword       |     6 |    12 |    28 |       |       |       ||    46
       Kick              |     3 |     2 |     8 |    17 |    14 |     3 ||    47
       Peck              |     1 |     1 |     4 |     8 |     5 |     2 ||    21
       Whip              |     1 |       |       |       |       |       ||     1
       Staff             |       |       |    12 |    44 |    31 |     7 ||    94
 Cast: Shock             |    60 |   127 |   252 |   230 |   275 |    19 ||   963
       Static Discharge  |       |     3 |    21 |    52 |   165 |    42 ||   283
       Airstrike         |       |     2 |    12 |   124 |   430 |   275 ||   843
       Swiftness         |       |     1 |       |     2 |     1 |       ||     4
       Lightning Bolt    |       |       |     2 |    28 |    87 |    10 ||   127
       Magic Dart        |       |       |       |    37 |       |       ||    37
       Dazzling Flash    |       |       |       |     4 |       |       ||     4
       Sticky Flame      |       |       |       |    13 |    11 |     5 ||    29
       Freezing Cloud    |       |       |       |       |    27 |     7 ||    34
       Poisonous Vapours |       |       |       |       |     2 |       ||     2
       Spellforged Servi |       |       |       |       |       |     1 ||     1
 Abil: Fly               |       |     1 |       |       |       |       ||     1
Evoke: Wand              |       |       |       |     4 |    10 |     2 ||    16
       Staff of energy   |       |       |       |     8 |    14 |     5 ||    27
  Use: Scroll            |       |     5 |     9 |    11 |    13 |     2 ||    40
       Potion            |       |       |       |       |       |     1 ||     1
  Eat: Chunk             |     2 |    10 |    18 |    27 |    29 |    17 ||   103
       Ration            |       |       |     1 |     6 |    10 |     3 ||    20
Armor: Robe              |     1 |     2 |     8 |       |    25 |     2 ||    38
       Steam dragon scal |       |       |     5 |    28 |    15 |       ||    48
Dodge: Dodged            |    14 |    22 |    58 |   166 |   351 |    67 ||   678
Block: Other             |       |     9 |    26 |    31 |    38 |    16 ||   120
       Reflection        |       |       |     4 |     1 |     8 |     5 ||    18

Levels and vault maps discovered:
D:1:      lightli_arrival_statue_moat, layout_basic
D:2:      layout_rooms, uniq_robin
D:3:      layout_loops_cross, nicolae_overflow_crystal_walls,
          lemuel_coloured_pillars_altar, first_ration
D:4:      layout_loops_ring, uniq_blork_the_orc
D:5:      layout_basic, kennysheep_mini, tso_altar, minmay_temple_entry_tees,
          columned_hall_lemuel, uniq_grinder, uniq_eustachio,
          uniq_prince_ribbit1
D:6:      layout_basic, minmay_holes
D:7:      layout_loops_cross, lemuel_crystal_altar, lemuel_round_altar,
          enter_bailey_2, serial_shops, nicolae_shop_trees, uniq_joseph
D:8:      layout_basic, hangedman_little_slice_of_home
D:9:      cheibrodos_iron_armory, layout_long_grid, david_lair_shrubbed,
          gammafunk_ghost_hydra_chop
D:10:     layout_basic, special_room [special_room_orc], small_statue_alley_a
D:11:     layout_cave_pods, basic_altar
D:12:     layout_cave_pools, hiddenorc1_lemuel, gauntlet_entry_generic,
          serial_undead, serial_undead_b, serial_undead_d, serial_undead_e,
          serial_undead_e, jmf_multi_god_temple, uniq_maurice
D:13:     layout_cave_pools, david_vaults_1
D:14:     layout_loops_cross
D:15:     grunt_enter_depths_giant_problem, layout_basic,
          minmay_misc_feat_secret_circle, einodemon_armed_red_devil_minivault,
          uniq_jorgrun
Temple:   regret_index_temple_sphere_string
Lair:1:   layout_regular_city, dpeg_stationary_puzzle
Lair:2:   layout_regular_city, chequers_serial_rivers_room_b,
          lemuel_fruit_fields
Lair:3:   layout_gridlike
Lair:4:   layout_regular_city, elwin_shoals_entry_rocks,
          spider_nest_entry_rubble, kennysheep_catoblepas_arena,
          lemuel_fruit_tree, uniq_urug
Lair:5:   layout_hall_layers
Lair:6:   wormcave, layout_cave_pods, minmay_slime_entry_pillars
Shoals:1: layout_shoals, nicolae_shoals_water_shrine, uniq_louise
Shoals:2: layout_shoals, uniq_polyphemus
Shoals:3: layout_shoals, uniq_nikola
Shoals:4: shoals_end_grunt_ice, layout_shoals, serial_shops, shop_fountains
Orc:1:    layout_caves, basic_altar, serial_shops,
          nicolae_shop_competitors_out_of_business, gammafunk_ghost_grave,
          uniq_erolcha, uniq_erica
Orc:2:    grunt_orc_gardens, layout_caves, grunt_orc_garden, grunt_orc_garden,
          grunt_orc_garden, grunt_orc_garden, uniq_josephine, uniq_sonja,
          uniq_nessos

Notes
Turn   | Place    | Note
-------+----------+-------------------------------------------
     0 | D:1      | stebl the Tengu Air Elementalist began the quest for the
                  | Orb.
     0 | D:1      | Reached XP level 1. HP: 10/10 MP: 4/4
   242 | D:1      | Reached skill level 2 in Conjurations
   242 | D:1      | Reached XP level 2. HP: 15/15 MP: 0/6
   246 | D:1      | Learned a level 2 spell: Swiftness
  1186 | D:2      | Reached XP level 3. HP: 19/19 MP: 1/7
  1264 | D:2      | Noticed Robin
  1269 | D:2      | Killed Robin
  1272 | D:2      | Reached skill level 3 in Conjurations
  1342 | D:2      | Reached skill level 5 in Air Magic
  1448 | D:2      | Reached XP level 4. HP: 24/24 MP: 5/8
  1456 | D:2      | Learned a level 3 spell: Static Discharge
  2184 | D:3      | Found a shimmering blue altar of Sif Muna.
  2367 | D:3      | Gained mutation: You can fly continuously. [Tengu growth]
  2367 | D:3      | Reached XP level 5. HP: 28/28 MP: 8/10
  2512 | D:3      | Reached skill level 4 in Conjurations
  2520 | D:3      | Found a shadowy altar of Dithmenos.
  3589 | D:4      | Found the +4 Cigotuvi's embrace {rRot *Drain rN+}
  3596 | D:4      | Reached skill level 6 in Air Magic
  3831 | D:4      | Reached skill level 3 in Spellcasting
  3831 | D:4      | Reached XP level 6. HP: 32/32 MP: 4/11
  3916 | D:4      | Noticed Blork the orc
  4107 | D:4      | Learned a level 4 spell: Airstrike
  4121 | D:4      | Reached skill level 5 in Conjurations
  4161 | D:4      | Noticed a phantom
  4193 | D:4      | Killed a phantom
  4339 | D:4      | Noticed a sky beast
  4391 | D:4      | Killed Blork the orc
  4391 | D:4      | Reached skill level 7 in Air Magic
  4391 | D:4      | Reached XP level 7. HP: 28/36 MP: 0/13
  4641 | D:5      | Entered Level 5 of the Dungeon
  4650 | D:5      | Reached skill level 6 in Conjurations
  4907 | D:5      | Noticed Grinder
  4910 | D:5      | Killed Grinder
  4910 | D:5      | Reached skill level 7 in Conjurations
  4910 | D:5      | Reached skill level 8 in Air Magic
  5170 | D:5      | Found a glowing golden altar of the Shining One.
  5204 | D:5      | Found a blossoming altar of Fedhas.
  5386 | D:5      | Noticed Eustachio
  5469 | D:5      | Found a staircase to the Ecumenical Temple.
  5478 | D:5      | Reached skill level 4 in Spellcasting
  5478 | D:5      | Reached XP level 8. HP: 40/41 MP: 3/15
  5483 | Temple   | Entered the Ecumenical Temple
  5658 | Temple   | Became a worshipper of Vehumet
  5810 | D:5      | Noticed Prince Ribbit
  5821 | D:5      | Killed Prince Ribbit
  5821 | D:5      | Reached skill level 8 in Conjurations
  5821 | D:5      | Reached skill level 9 in Air Magic
  7156 | D:7      | Found a snail-covered altar of Cheibriados.
  7180 | D:7      | Reached skill level 9 in Conjurations
  7524 | D:7      | Learned a level 5 spell: Lightning Bolt
  7591 | D:7      | Reached skill level 10 in Air Magic
  7591 | D:7      | Reached XP level 9. HP: 45/45 MP: 11/17
  7674 | D:7      | Found Yryik's Antique Armour Boutique.
  7708 | D:7      | Noticed Joseph
  7737 | D:7      | Found a flagged portal.
  7746 | Bailey   | Entered a bailey
  8114 | Bailey   | Reached skill level 5 in Spellcasting
  8287 | Bailey   | Reached * piety under Vehumet
  8287 | Bailey   | Offered knowledge of Freeze by Vehumet.
  8969 | D:7      | Found an opulent altar of Gozag.
  9105 | D:7      | Killed Joseph
  9105 | D:7      | Reached skill level 2 in Fighting
  9105 | D:7      | Reached skill level 3 in Dodging
  9423 | D:8      | Reached skill level 3 in Fighting
  9423 | D:8      | Reached skill level 4 in Dodging
  9765 | D:8      | Reached skill level 5 in Dodging
  9881 | D:8      | Reached skill level 4 in Fighting
 10439 | D:8      | Reached ** piety under Vehumet
 10439 | D:8      | Reached XP level 10. HP: 58/58 MP: 5/18
 10446 | D:8      | Offered knowledge of Magic Dart by Vehumet.
 10777 | D:8      | Reached skill level 6 in Dodging
 10878 | D:8      | Reached skill level 5 in Fighting
 11323 | D:9      | Noticed a ten-headed hydra
 11323 | D:9      | Noticed Tiocfaidh's ghost (novice MfMo)
 11325 | D:9      | Found a runed translucent gate.
 11326 | D:9      | Found a runed translucent gate.
 11326 | D:9      | Found a runed translucent gate.
 11568 | D:9      | Found a staircase to the Lair.
 11817 | D:9      | Reached skill level 7 in Dodging
 12048 | D:9      | Learned a level 1 spell: Magic Dart
 12061 | D:9      | Reached skill level 6 in Fighting
 12575 | D:9      | Offered knowledge of Dazzling Flash by Vehumet.
 12649 | D:9      | Learned a level 3 spell: Dazzling Flash
 12795 | D:10     | Entered Level 10 of the Dungeon
 12812 | D:10     | Killed an unseen horror
 12812 | D:10     | Reached skill level 8 in Dodging
 12925 | D:10     | Reached skill level 7 in Fighting
 13162 | D:10     | Reached *** piety under Vehumet
 13206 | D:10     | Reached skill level 8 in Fighting
 13378 | D:10     | Reached skill level 6 in Spellcasting
 13378 | D:10     | Reached XP level 11. HP: 68/68 MP: 3/21
 13469 | D:10     | Reached skill level 10 in Conjurations
 13710 | D:10     | Offered knowledge of Iskenderun's Mystic Blast by Vehumet.
 13961 | D:10     | Found a roughly hewn altar of Beogh.
 14078 | D:10     | Reached **** piety under Vehumet
 14305 | D:10     | Reached skill level 11 in Air Magic
 14550 | Lair:1   | Entered Level 1 of the Lair of Beasts
 14911 | Lair:1   | Noticed a seven-headed hydra
 15342 | Lair:1   | Noticed an eight-headed hydra
 15347 | Lair:1   | Killed an eight-headed hydra
 15347 | Lair:1   | Reached skill level 7 in Spellcasting
 15744 | Lair:1   | Reached skill level 11 in Conjurations
 16188 | Lair:1   | Noticed a seven-headed hydra
 16193 | Lair:1   | Killed a seven-headed hydra
 16193 | Lair:1   | Reached skill level 12 in Air Magic
 17320 | Lair:3   | Offered knowledge of Sticky Flame by Vehumet.
 17326 | Lair:3   | Learned a level 4 spell: Sticky Flame
 17965 | Lair:3   | Reached skill level 12 in Conjurations
 18453 | Lair:4   | Reached XP level 12. HP: 75/75 MP: 16/23
 18661 | Lair:4   | Reached skill level 9 in Fighting
 18951 | Lair:4   | Found a staircase to the Shoals.
 18991 | Lair:4   | Noticed Urug
 19038 | Lair:4   | Killed Urug
 19196 | Lair:4   | Reached skill level 13 in Air Magic
 19218 | Lair:4   | Found a hole to the Spider Nest.
 19492 | Lair:4   | Reached skill level 8 in Spellcasting
 20086 | Lair:4   | Reached skill level 1 in Fire Magic
 20236 | Lair:4   | Noticed a catoblepas
 20595 | Lair:5   | Reached skill level 13 in Conjurations
 20595 | Lair:5   | Reached skill level 2 in Fire Magic
 21306 | Lair:6   | Entered Level 6 of the Lair of Beasts
 21417 | Lair:6   | Reached skill level 10 in Fighting
 21418 | Lair:6   | Reached ***** piety under Vehumet
 21418 | Lair:6   | Offered knowledge of Ozocubu's Refrigeration by Vehumet.
 21418 | Lair:6   | Reached skill level 3 in Fire Magic
 22027 | Lair:6   | Reached XP level 13. HP: 82/82 MP: 2/26
 22165 | Lair:6   | Identified a scroll of acquirement
 22166 | Lair:6   | Acquired the amulet "Pokishok" {Acrobat Str+4 Int+3}
 22232 | Lair:6   | Reached skill level 4 in Fire Magic
 22372 | Lair:6   | Reached skill level 14 in Air Magic
 22983 | Lair:6   | Found a runed translucent door.
 22988 | Lair:6   | Noticed an ice dragon
 23024 | Lair:6   | Reached skill level 14 in Conjurations
 23835 | Lair:6   | Reached skill level 11 in Fighting
 24457 | Lair:6   | Found a staircase to the Slime Pits.
 25082 | Lair:6   | Reached skill level 15 in Air Magic
 25773 | Lair:6   | Killed an ice dragon
 25996 | Lair:4   | HP: 8/84 [poisoned by a black mamba]
 26002 | Lair:4   | HP: 5/84 [poisoned by a black mamba]
 26008 | Lair:4   | HP: 4/84 [poisoned by a black mamba]
 26016 | Lair:4   | HP: 4/84 [poisoned by a black mamba]
 26024 | Lair:4   | HP: 4/84 [poisoned by a black mamba]
 26656 | D:11     | Reached skill level 15 in Conjurations
 26931 | D:11     | Offered knowledge of Bolt of Magma by Vehumet.
 27225 | D:11     | Found a burning altar of Makhleb.
 27468 | D:11     | Reached XP level 14. HP: 91/91 MP: 10/27
 28356 | D:11     | Reached skill level 12 in Fighting
 29431 | D:12     | Reached skill level 16 in Air Magic
 29649 | D:12     | Noticed Maurice
 30107 | D:12     | Killed Maurice
 30251 | D:12     | Offered knowledge of Freezing Cloud by Vehumet.
 30451 | D:12     | Found a shimmering altar of Xom.
 30454 | D:12     | Found a sparkling altar of Nemelex Xobeh.
 30466 | D:12     | Noticed a sphinx
 30590 | D:13     | Learned a level 6 spell: Freezing Cloud
 31289 | Shoals:1 | Entered Level 1 of the Shoals
 32057 | D:12     | Paralysed by a sphinx for 3 turns
 32062 | D:12     | Killed a sphinx
 32193 | D:12     | Found a staircase to the Orcish Mines.
 32205 | Orc:1    | Entered Level 1 of the Orcish Mines
 32231 | Orc:1    | Found a runed translucent door.
 32232 | Orc:1    | Noticed tatocazan's ghost (journeyman MiFi)
 32296 | Orc:2    | Entered Level 2 of the Orcish Mines
 32300 | Orc:2    | Noticed Josephine
 32810 | Orc:1    | Reached skill level 17 in Air Magic
 33119 | Orc:2    | Killed Josephine
 33729 | Orc:2    | Noticed Sonja
 33731 | Orc:2    | Killed Sonja
 33863 | Orc:2    | Found Lot Kouv's Book Boutique.
 33904 | Orc:2    | Noticed Nessos
 34678 | Orc:2    | Killed Nessos
 34909 | Orc:2    | Noticed an orc warlord
 35498 | Orc:1    | Reached skill level 9 in Spellcasting
 35629 | Orc:1    | Reached XP level 15. HP: 16/97 MP: 16/29
 35991 | Orc:2    | Killed an orc warlord
 35991 | Orc:2    | Reached skill level 13 in Fighting
 36281 | Orc:2    | Found Widi's Antique Armour Emporium.
 36285 | Orc:2    | Found a staircase to the Elven Halls.
 36407 | Orc:2    | Found Gelog's General Store.
 36541 | Orc:2    | Found Raefos's Antique Weapon Shoppe.
 36666 | Orc:1    | Noticed Erica
 36725 | Orc:1    | Killed Erica
 36863 | Orc:1    | Noticed Erolcha
 36872 | Orc:1    | Killed Erolcha
 37046 | Orc:1    | Noticed an orc warlord
 37256 | Orc:1    | Reached skill level 9 in Dodging
 37259 | Orc:1    | Offered knowledge of Iron Shot by Vehumet.
 37514 | Orc:1    | Killed an orc warlord
 37753 | Orc:1    | Found Peucicrebi's Food Shop.
 37799 | Orc:1    | Found a bloodstained altar of Trog.
 37886 | Orc:2    | Bought a book of Clouds for 540 gold pieces
 37889 | Orc:2    | Learned a level 2 spell: Poisonous Vapours
 39917 | D:13     | Reached skill level 10 in Spellcasting
 40326 | D:13     | Found a gate to the Vaults.
 40541 | D:14     | Reached skill level 10 in Dodging
 41113 | D:14     | Reached skill level 14 in Fighting
 42426 | D:14     | Reached skill level 16 in Conjurations
 43094 | D:15     | Entered Level 15 of the Dungeon
 43204 | D:15     | Offered knowledge of Spellforged Servitor by Vehumet.
 43280 | D:15     | Noticed Jorgrun
 43578 | D:15     | Killed Jorgrun
 43578 | D:15     | Reached XP level 16. HP: 59/107 MP: 2/31
 44158 | D:15     | Found a staircase to the Depths.
 44964 | D:15     | Reached skill level 18 in Air Magic
 46221 | Shoals:1 | Noticed Louise
 46228 | Shoals:1 | Killed Louise
 47177 | Shoals:1 | Reached skill level 15 in Fighting
 47333 | Shoals:1 | Identified a potion of experience
 47334 | Shoals:1 | Reached skill level 17 in Conjurations
 47334 | Shoals:1 | Reached skill level 19 in Air Magic
 47334 | Shoals:1 | Reached XP level 17. HP: 113/113 MP: 32/32
 49298 | Shoals:2 | Learned a level 7 spell: Spellforged Servitor
 49390 | Shoals:2 | Noticed Polyphemus
 49403 | Shoals:2 | Offered knowledge of Fireball by Vehumet.
 49495 | Shoals:2 | Reached skill level 1 in Summonings
 50579 | Shoals:2 | Reached skill level 2 in Summonings
 51161 | Shoals:4 | Entered Level 4 of the Shoals
 51161 | Shoals:4 | Found Kogeroum's Armour Shop.
 51423 | Shoals:3 | Noticed a kraken
 51624 | Shoals:3 | Killed a kraken
 51624 | Shoals:3 | Reached skill level 3 in Summonings
 51846 | Shoals:3 | Reached skill level 20 in Air Magic
 52278 | Shoals:3 | Reached skill level 4 in Summonings
 52648 | Shoals:3 | Noticed Nikola
 52761 | Shoals:3 | Killed from afar by Nikola

Vanquished Creatures
  Jorgrun (D:15)
  A kraken (Shoals:3)
  A sphinx (D:12)
  A fire giant (D:15)
  2 orc warlords
  Louise (Shoals:1)
  Erolcha (Orc:1)
  A deep elf high priest (D:12)
  Josephine (Orc:2)
  6 centaur warriors (D:13)
  An ice dragon (Lair:6)
  6 hydras
  A merfolk avatar (Shoals:3)
  6 two-headed ogres
  2 catoblepae
  A merfolk aquamancer (Shoals:1)
  Erica (Orc:1)
  A satyr (Shoals:1)
  Urug (Lair:4)
  7 death yaks
  2 orc high priests (Orc:2)
  Sonja (Orc:2)
  3 wizards (D:13)
  3 unseen horrors
  6 sea snakes
  3 harpies (Shoals:1)
  2 lindwurms (Lair:6)
  2 wolf spider zombies
  3 deep elf magi
  2 orc knights (Orc:1)
  10 fauns
  8 ugly things
  5 orc sorcerers
  A cyclops (D:12)
  10 manticores
  9 elephants (Lair:4)
  A guardian serpent (shapeshifter) (D:14)
  Maurice (D:12)
  3 black mambas
  6 merfolk sirens
  3 centaur zombies
  5 water nymphs
  6 torpor snails (Lair:6)
  8 centaur skeletons
  Joseph (D:7)
  7 spiny frogs
  2 gargoyles
  2 efreet
  4 komodo dragons
  3 rime drakes
  A jumping spider (Lair:4)
  4 red devils (D:15)
  10 merfolk
  A polar bear (Lair:6)
  A queen bee (shapeshifter) (D:15)
  9 trolls
  8 hornets (Lair:6)
  Grinder (D:5)
  3 tyrant leeches (Lair:6)
  5 wind drakes
  20 slime creatures
  5 snapping turtles
  Prince Ribbit (D:5)
  4 hippogriffs
  24 blink frogs
  2 shadows
  5 wraiths
  3 vampires
  7 water elementals
  2 wyverns
  A hungry ghost (D:12)
  A yak (shapeshifter) (D:14)
  42 yaks
  A basilisk (Lair:5)
  6 vampire mosquitoes (D:14)
  2 soldier ants
  2 acid dragons
  4 wargs
  6 water moccasins
  38 orc warriors
  3 porcupines
  2 sky beasts
  2 black bears
  An eye of draining (D:12)
  3 necrophages
  23 centaurs
  6 ogres
  3 phantoms
  A crocodile (shapeshifter) (D:15)
  13 crocodiles
  2 big kobolds
  Blork the orc (D:4)
  18 bullfrogs
  2 wyvern zombies
  A water moccasin zombie (D:8)
  A wyvern skeleton (D:10)
  6 scorpions
  3 killer bees (D:8)
  14 wights
  4 howler monkeys
  2 electric eels (Lair:1)
  7 crimson imps
  8 jellies
  5 bullfrog zombies
  2 quasits
  2 bullfrog skeletons (D:11)
  5 hounds
  7 orc priests
  11 orc wizards
  3 iguanas
  10 worker ants
  A killer bee zombie (D:8)
  A hound skeleton (D:6)
  A mummy (D:12)
  3 worker ant zombies
  Robin (D:2)
  15 adders
  3 shadow imps
  8 oozes
  4 adder skeletons
  3 worms
  2 dart slugs
  7 leopard geckos
  96 orcs
  15 bats
  5 giant cockroaches
  12 goblins
  11 hobgoblins
  11 jackals
  3 quokkas
  A ball python (D:3)
  6 frilled lizards
  11 kobolds
  A quokka skeleton (D:5)
  9 rats
785 creatures vanquished.

Vanquished Creatures (collateral kills)
  2 merfolk aquamancers (Shoals:1)
  A sea snake (Shoals:1)
  2 water nymphs (Shoals:1)
  A hippogriff (Shoals:1)
  A water elemental (Shoals:1)
  A centaur (Shoals:1)
8 creatures vanquished.

Vanquished Creatures (others)
  Nessos (Orc:2)
  24 fungi
  35 plants
  12 tentacles (Shoals:3)
  2 withered plants (Orc:1)
74 creatures vanquished.

Grand Total: 867 creatures vanquished

Table legend:
 A = Turns spent in this place as a percentage of turns spent in the entire game.
 B = Non-inter-level travel turns spent in this place as a percentage of non-inter-level travel turns spent in the entire game.
 C = Inter-level travel turns spent in this place as a percentage of turns spent in this place.
 D = Turns resting spent in this place as a percentage of non-inter-level travel turns spent in this place.
 E = Turns spent auto-exploring this place as a percentage of non-inter-level travel turns spent in this place.
 F = Non-inter-level travel turns spent in this place divided by the number of levels of this place that you've seen.
                   A       B       C       D       E      F
               +-------+-------+-------+-------+-------+----------------------
         Total | 100.0 | 100.0 |   4.0 |  48.3 |  37.0 | 1746.9
       Dungeon |  50.2 |  50.0 |   4.4 |  42.0 |  42.8 | 1687.1
        Temple |   0.4 |   0.3 |  24.4 |   0.0 |  97.4 | 152.0
          Lair |  23.6 |  23.0 |   6.1 |  44.6 |  41.2 | 1945.2
        Shoals |  13.4 |  13.9 |   0.8 |  58.3 |  27.0 | 1754.2
  Orcish Mines |  10.8 |  11.1 |   1.2 |  72.9 |  16.5 | 2817.5
        Bailey |   1.7 |   1.7 |   0.0 |  49.5 |  16.0 | 879.0
               +-------+-------+-------+-------+-------+----------------------

Table legend:
 A = Non-vault XP
 B = Vault XP
 C = Vault XP percentage of total XP
 D = Non-vault monster count
 E = Vault monster count
 F = Vault count percentage of total count
                 A         B        C        D         E       F
            +---------+---------+-------+---------+---------+-------
      Total |  125178 |   51284 |  29.1 |     605 |     189 |  23.8
            +---------+---------+-------+---------+---------+-------
        D:1 |      36 |       2 |   5.3 |      23 |       1 |   4.2
        D:2 |      65 |      34 |  34.3 |      19 |      10 |  34.5
        D:3 |      79 |       0 |   0.0 |      28 |       0 |   0.0
        D:4 |     345 |      94 |  21.4 |      10 |       1 |   9.1
        D:5 |     446 |     540 |  54.8 |      18 |       2 |  10.0
        D:6 |     426 |       0 |   0.0 |       6 |       0 |   0.0
        D:7 |     366 |     412 |  53.0 |       8 |       1 |  11.1
        D:8 |    1362 |     164 |  10.7 |      38 |       8 |  17.4
        D:9 |    1433 |     361 |  20.1 |      26 |       1 |   3.7
       D:10 |    3352 |     374 |  10.0 |      28 |      25 |  47.2
       D:11 |    8845 |       0 |   0.0 |      55 |       0 |   0.0
       D:12 |    5460 |    5264 |  49.1 |      21 |      32 |  60.4
       D:13 |   12599 |    3393 |  21.2 |      38 |       5 |  11.6
       D:14 |   11615 |       0 |   0.0 |      51 |       0 |   0.0
       D:15 |    9616 |    6198 |  39.2 |      28 |       6 |  17.6
     Lair:1 |    4620 |     108 |   2.3 |      17 |       2 |  10.5
     Lair:2 |    1271 |       0 |   0.0 |       6 |       0 |   0.0
     Lair:3 |    1928 |       0 |   0.0 |       9 |       0 |   0.0
     Lair:4 |    7302 |    2395 |  24.7 |      21 |       4 |  16.0
     Lair:5 |    2256 |       0 |   0.0 |       9 |       0 |   0.0
     Lair:6 |   12426 |    8498 |  40.6 |      36 |      23 |  39.0
   Shoals:1 |   15450 |    4402 |  22.2 |      36 |       9 |  20.0
   Shoals:2 |    5657 |    3566 |  38.7 |      12 |       4 |  25.0
   Shoals:3 |   11927 |       0 |   0.0 |      24 |       0 |   0.0
   Shoals:4 |     594 |       0 |   0.0 |       2 |       0 |   0.0
      Orc:1 |    3686 |    4970 |  57.4 |      22 |      13 |  37.1
      Orc:2 |    2016 |    9924 |  83.1 |      14 |      22 |  61.1
     Bailey |       0 |     585 | 100.0 |       0 |      20 | 100.0
            +---------+---------+-------+---------+---------+-------
